Map: Altitude LE

Players

A.I. 1 (Very Easy) - Winner!

  • Race: Protoss Protoss
  • Spawn Location: 7:00

RustyShacky

  • Race: Terran Terran
  • League: Diamond
  • Spawn Location: 1:00

VOD

Have the link to the VOD?

Description

Time

  • Played on: Feb. 19, 2023, 8:58 a.m.
  • Length: 10:16
Show
View Real Time Build Order
Export as new Build Order

A.I. 1 (Very Easy) Protoss - Winner!

Build Orders:  

Get SALT Encoding   

  12  0:00  Probe  
  13  0:13  Probe  
  14  0:20  Pylon  
  14  0:36  Assimilator  
  14  0:43  Gateway  
  14  0:46  Pylon  
  14  1:14  Assimilator  
  14  1:17  Probe  
  14  1:25  Probe  
  16  1:33  Cybernetics Core, Probe  
  17  1:43  Probe  
  18  1:55  Probe  
  18  1:59  Warp Gate  
  19  2:03  Probe  
  20  2:10  Stalker  
  22  5:17  Zealot  
  22  5:18  Probe  
  22  5:20  Pylon  
  25  5:23  Robotics Facility  
  25  5:29  Probe  
  26  5:37  Probe  
  27  5:45  Probe  
  28  5:54  Pylon  
  26  5:57  Probe  
  27  6:08  Observer  
  27  6:09  Probe  
  28  6:11  Zealot  
  31  6:24  Observer  
  32  7:06  Stalker  
  34  7:12  Nexus  
  34  8:07  Stalker  
  34  8:11  Pylon  
  36  8:18  Observer  
  35  8:35  Zealot  
  35  9:00  Immortal  
  36  9:32  Stalker  
  38  9:42  Probe  
  38  9:54  Probe  
  35  10:01  Stalker  
Show
View Real Time Build Order
Export as new Build Order

RustyShacky Terran 

Build Orders:  

Get SALT Encoding   

  12  0:00  SCV  
  13  0:12  SCV  
  14  0:17  Supply Depot  
  14  0:24  SCV  
  15  0:38  SCV  
  15  0:39  Barracks  
  16  0:45  Refinery  
  16  0:51  SCV  
  17  1:03  SCV  
  18  1:16  SCV  
  19  1:27  Marine  
  19  1:29  Orbital Command  
  20  1:44  Command Center  
  20  1:48  Barracks Reactor  
  20  1:55  SCV  
  20  2:00  Supply Depot  
  21  2:10  SCV  
  21  2:13  Factory  
  22  2:22  SCV  
  23  2:30  Marine x2  
  23  2:34  Bunker, SCV  
  26  2:45  Refinery  
  26  2:46  SCV  
  27  2:52  Marine  
  27  2:53  Marine  
  27  2:56  Orbital Command  
  27  2:58  SCV  
  30  3:02  Factory Tech Lab  
  30  3:08  Starport  
  30  3:14  SCV  
  31  3:21  Supply Depot  
  31  3:26  SCV  
  32  3:29  SCV  
  33  3:36  Marine  
  33  3:37  Marine  
  33  3:38  SCV  
  33  3:41  SCV  
  37  3:47  Supply Depot  
  37  3:50  SCV  
  37  3:52  Barracks  
  37  3:53  SCV  
  39  3:58  Barracks  
  39  3:59  Raven  
  41  4:05  Engineering Bay  
  41  4:06  SCV x2  
  43  4:12  Supply Depot  
  43  4:15  Marine x2  
  45  4:19  SCV  
  45  4:20  SCV  
  47  4:24  Refinery  
  47  4:31  Terran Infantry Weapons Level 1  
  47  4:33  Marine x2, SCV  
  47  4:34  SCV  
  51  4:46  Starport Reactor, Barracks Tech Lab, SCV x2  
  51  4:47  Stimpack  
  51  4:50  Marine  
  51  4:51  Marine  
  55  4:54  Factory Reactor  
  55  4:58  SCV x2  
  55  4:59  Supply Depot  
  57  5:10  SCV x2, Refinery  
  57  5:13  Marine, Marauder x2  
  57  5:14  Marine  
  65  5:15  Combat Shield  
  65  5:22  SCV x2  
  65  5:23  Medivac  
  65  5:24  Medivac  
  71  5:31  Marine x2  
  71  5:34  Marine x2, SCV x2  
  71  5:35  Supply Depot  
  77  5:45  Supply Depot  
  77  5:56  Marine x2, Marauder x2  
  83  5:57  Supply Depot, Medivac  
  85  6:07  Widow Mine x2, Medivac  
  85  6:09  Supply Depot  
  91  6:14  Marine x2  
  93  6:19  Marauder x2  
  93  6:21  Supply Depot  
  97  6:27  Medivac  
  97  6:29  Widow Mine  
  97  6:31  Marine x2, Widow Mine  
  105  6:36  Terran Infantry Armor Level 1  
  105  6:37  Medivac  
  107  6:40  Concussive Shells  
  107  6:41  Marauder  
  107  6:42  Marauder  
  111  6:48  Supply Depot  
  111  6:49  Supply Depot, Marine x2  
  113  6:55  Widow Mine x2  
  117  7:01  Marine  
  118  7:09  Marine x3, Viking x2  
  125  7:16  Widow Mine x2  
  125  7:19  Supply Depot  
  125  7:20  Marauder  
  125  7:21  Supply Depot  
  131  7:27  Marine x2  
  133  7:41  Marine, Widow Mine x2, Marauder, Command Center  
  140  7:44  Marine x2  
  140  7:47  Supply Depot  
  140  7:50  Viking  
  144  7:51  Supply Depot  
  144  7:54  Viking  
  146  7:59  Marauder  
  146  8:02  Marine  
  149  8:08  Marine x2  
  149  8:09  Widow Mine x2  
  149  8:10  Supply Depot  
  155  8:17  Supply Depot  
  155  8:20  Marauder x2, Viking  
  155  8:24  Viking  
  155  8:26  Marine x2  
  165  8:33  Supply Depot  
  169  8:34  Widow Mine x2  
  169  8:42  Marauder x2  
  173  8:50  Liberator  
  173  8:54  Liberator  
  173  8:55  Engineering Bay  
  179  8:59  Armory  
  179  9:03  Marauder x2  
  179  9:08  Marine x2  
  185  9:24  Marauder x2  
  185  9:26  Marine x2  
  185  9:30  SCV x2  
  194  9:32  Orbital Command  
  193  9:42  SCV x2  
  193  9:44  Marine x2  
  197  9:46  Marauder  
  197  9:48  Refinery  
  199  9:56  Refinery  
Tags
 
League
Diamond
Matchup
PvT
Spawn Locations
Cross Positions
Add a new tag
Caveats
  • Supply blocks, unpowered buildings, or Contaminate may cause inaccurate times.
  • Supply counts are checked every 10 seconds.